 Dungeon Crawl Stone Soup version 0.31-b1-18-g61460d1e46 (webtiles) character file.

Game seed: 4729906419493710214

114 javaholic the Cudgeller (level 3, 8/40 HPs)
             Began as a Gargoyle Reaver on Jan 17, 2024.
             Was a Follower of Ru.
             Quit the game on level 3 of the Dungeon.
             The game lasted 00:36:00 (1205 turns).

javaholic the Cudgeller (Gargoyle Reaver)           Turns: 1205, Time: 00:36:01

Health: 8/40       AC: 21    Str: 17    XL:     3   Next: 97%
Magic:  6/6        EV:  2    Int: 13    God:    Ru [*.....]
Gold:   25         SH:  0    Dex:  8    Spells: 5/6 levels left

rFire   . . .        v - +2 flail (heavy)
rCold   . . .        (no shield)
rNeg    + . .        j - melded +0 ring mail
rPois   ∞            (helmet currently unavailable)
rElec   .            (cloak currently unavailable)
rCorr   .            (gloves currently unavailable)
SInv    .            (boots currently unavailable)
Will    .....        (no amulet)
Stlth   +            (no ring)
HPRegen 0.26/turn    (no ring)
MPRegen 0.10/turn

%: no passive effects
@: brilliant, tree-form, hasted, very quick
A: stationary, stasis, torment immunity, boosted hp, sickness immunity, AC +3,
negative energy resistance 1, (electricity resistance), torment resistance 1,
petrification resistance, inexperienced 1
a: Renounce Religion


You were on level 3 of the Dungeon.
You worshipped Ru.
Ru was aware of your devotion.
You were a tree.
You visited 1 branch of the dungeon, and saw 3 of its levels.

You collected 25 gold pieces.

Inventory:

Hand Weapons
 a - a +0 mace
 f - a +0 dagger
 g - a +0 dagger
 o - a +1 short sword of venom
 r - a +0 dagger
 t - a +0 dagger
 v - a +2 heavy flail (weapon)
Missiles
 d - a stone (quivered)
Armour
 b - a +0 leather armour
 e - a +0 leather armour
 h - a +0 leather armour
 j - a +0 ring mail (melded)
 l - a +0 chain mail
 m - a +3 ring mail
Jewellery
 s - a +6 ring of intelligence
Scrolls
 k - 2 scrolls of identify


   Skills:
 * Level 6.1 Fighting
 + Level 0.1 Short Blades
 * Level 6.5 Maces & Flails
 * Level 5.6 Armour
 - Level 1.5 Dodging
 - Level 2.0 Spellcasting
 - Level 3.4 Conjurations


You had 5 spell levels left.
You knew the following spells:

 Your Spells              Type           Power      Damage    Failure   Level
a - Kiss of Death         Conj/Necr      32%        2d7       13%         1

Your spell library contained the following spells:

 Spells                   Type           Power      Damage    Failure   Level
 Momentum Strike          Conj/Tloc      16%        3d8       19%         2
 Hailstorm                Conj/Ice       8%         3d5       36%         3


Dungeon Overview and Level Annotations

Branches:
Dungeon (3/15)

Altars:
Ru


Innate Abilities, Weirdness & Mutations

You are a tree.
Your roots penetrate the ground, keeping you stationary.
You cannot be teleported.
You are immune to unholy pain and torment.
Your maximum health is greatly increased.
Your equipment is partially melded.
You are immune to sickness and miasma.
((Your stone body is resilient. (AC +3)))
You are immune to poison.
You resist negative energy. (rN+)
((You are resistant to electric shocks. (rElec)))
You are resistant to unholy torment.
You are immune to petrification.
You are somewhat inexperienced. (-1 XL)


Message History

You cannot move.
You cannot move.
You cannot move.
You cannot move.
You cannot move.
You cannot move.
You cannot move.
You cannot move.
You cannot move.
You cannot move.
You cannot move.
You cannot move.
You cannot move.
You cannot move.
You cannot move.
You cannot move.
You cannot move.
You cannot move.
You cannot move.
Your +0 ring mail is melded into your body!
Your +0 ring mail is melded into your body!
Your +0 ring mail is melded into your body!
Your +0 ring mail is melded into your body!
Your +0 ring mail is melded into your body!
Your +0 ring mail is melded into your body!
You cannot move.
You cannot move.
As you read the scroll of enchant armour, it crumbles to dust.
Your +0 ring mail glows green for a moment.
As you read the scroll of enchant armour, it crumbles to dust.
Your +1 ring mail glows green for a moment.
Okay, then.
As you read the scroll of enchant armour, it crumbles to dust.
Your +2 ring mail glows green for a moment.
You cannot move.
Your +0 ring mail is melded into your body!
You cannot move.
Unknown command.
Are you sure you want to abandon this character and quit the game? (Confirm with "yes".)

*,,,,,,,,,,,,,******,,,,,**
********##...>...#.[...*,*
##b..###....##.*,*******
#######..######,,,,,,,,,
###>....##P#.##*,******,
######..######.#.#)*,,,,,,,*
#......#######.....****,**,,
######......####††....P?*
*,,,,,
............###.♣#...#P#*
******
.................#..#.##****
...........#########.###*,,**
...........#############**,,***
.......##†##############
**,,,***
...........#############
***,,,,
....†.##.#...########### *****
......##..#.........#### *
......###.......(...#


There were no monsters in sight!

Vanquished Creatures
  3 adders
  A dart slug (D:3)
  3 endoplasms
  2 giant cockroaches (D:1)
  3 goblins
  4 hobgoblins
  2 quokkas
  7 ball pythons
  A kobold (D:1)
  3 rats (D:1)
29 creatures vanquished.

Notes
Turn   | Place    | Note
-------+----------+-------------------------------------------
     0 | D:1      | javaholic the Gargoyle Reaver began the quest for the Orb.
     0 | D:1      | Reached XP level 1. HP: 12/12 MP: 3/3
   418 | D:1      | Reached XP level 2. HP: 8/17 MP: 5/5
   474 | D:1      | Found a faded altar of an unknown god.
   492 | D:1      | Prayed at the altar of an unknown god.
   492 | D:1      | Became a worshipper of Ru the Awakened
   505 | D:1      | Gained mutation: You are somewhat inexperienced. (-1 XL)
                  | [Ru sacrifice]
   505 | D:1      | Reached XP level 1. HP: 12/12 MP: 3/3
   505 | D:1      | Reached * piety under Ru
   738 | D:1      | Reached XP level 2. HP: 18/18 MP: 5/5
  1154 | D:3      | Reached skill level 1 in Armour
  1192 | D:3      | Reached skill level 5 in Armour
  1192 | D:3      | Reached XP level 3. HP: 3/27 MP: 6/6
  1205 | D:3      | Quit the game

Illustrated notes

Levels and vault maps discovered:
D:1:      dpeg_arrival_orchard, layout_basic,
          hellmonk_ecumenical_altar_arch_garden
D:2:      layout_loops_ring, uniq_sigmund
D:3:      layout_rooms, cheibrodos_sewer_entry_bend, minmay_shallow_snake_nest,
          uniq_grinder

Skill      XL: |  1  2 |
---------------+-------+-----
Maces & Flails | 6 |  6.5
Armour         | 5 |  5.6
Fighting       | 6 |  6.1
Short Blades   | |  0.1
Dodging        | |  1.5
Spellcasting   | |  2.0
Conjurations   | |  3.4

Action                     || total
---------------------------++-------
  Melee: Mace              ||    44
         Short sword       ||    30
         Punch             ||     2
         Flail             ||    20
 Invoke: Sacrifice Experie ||     1
    Use: Potion            ||     4
         Scroll            ||     5
 Armour: Leather armour    ||    11
         Ring mail         ||    65
         Skin              ||    12
  Dodge: Dodged            ||    57
